 Dungeon Crawl Stone Soup version 0.30-a0-778-g2ef04afb54 (webtiles) character file.

Game seed: 2744083002739327422

84 funkygono the Firebug (level 4, -11/27 HPs)
             Began as an Octopode Fire Elementalist on Feb 16, 2023.
             Killed by nerve-wracking pain
             ... invoked by Grinder
              (12 damage)
             ... on level 3 of the Dungeon.
             The game lasted 00:02:52 (2491 turns).

funkygono the Firebug (Octopode Fire Elementalist)  Turns: 2491, Time: 00:02:52

Health: -11/27     AC:  1    Str:  7    XL:     4   Next: 45%
Magic:  1/7        EV: 13    Int: 19    God:
Gold:   161        SH:  5    Dex: 12    Spells: 2/8 levels left

rFire   . . .      SeeInvis .    h - +1 whip (pain)
rCold   . . .      Faith    .    (no shield)
rNeg    . . .      Spirit   .    (helmet restricted)
rPois   .          Reflect  +    g - amulet of reflection
rElec   .          Harm     .    (no ring)
rCorr   .          Rampage  .    (no ring)
Will    .....                    (no ring)
Stlth   +++                      (no ring)
HPRegen 0.24/turn                (no ring)
MPRegen 0.10/turn                (no ring)
                                 (no ring)
                                 (no ring)

@: no status effects
A: almost no armour, amphibious, 8 rings, camouflage 1, gelatinous body 1,
(nimble swimmer 1), tentacles
a: no special abilities


You were on level 3 of the Dungeon.
You visited 1 branch of the dungeon, and saw 3 of its levels.

You collected 161 gold pieces.

Inventory:

Hand Weapons
 h - a +1 whip of pain (weapon)
 j - a +0 whip
Jewellery
 g - an amulet of reflection (around mantle)
Scrolls
 b - 3 scrolls of identify {unknown}
 c - a scroll of torment {unknown}
 d - 2 scrolls of enchant weapon {unknown}
 f - a scroll of poison {unknown}
 k - 2 scrolls of fear {unknown}
Potions
 e - a potion of cancellation {unknown}
 i - a potion of haste {unknown}


   Skills:
 + Level 2.5 Dodging
 + Level 3.1 Stealth
 + Level 2.5 Spellcasting
 + Level 2.1 Conjurations
 + Level 3.7 Fire Magic


You had 2 spell levels left.
You knew the following spells:

 Your Spells              Type           Power      Damage    Failure   Level
a - Foxfire               Conj/Fire      52%        2x1d6     4%          1
b - Scorch                Fire           32%        2d6       5%          2
c - Kindle Blastsparks    Fire/Tloc/Air  14%        2d11      28%         3

Your spell library contained the following spells:

 Spells                   Type           Power      Damage    Failure   Level
 Inner Flame              Hex/Fire       9%         N/A       22%         3
 Flame Wave               Conj/Fire      13%        2d6       43%         4


Dungeon Overview and Level Annotations

Branches:
Dungeon (3/15)

Altars:
Hepliaklqana

Annotations:
D:3 Grinder


Innate Abilities, Weirdness & Mutations

You cannot wear most types of armour.
You are amphibious.
You can wear up to eight rings at the same time.
Your skin changes colour to match your surroundings (Stealth+).
Your rubbery body absorbs attacks. (AC +1, EV +1)
((You are camouflaged when in or above water. (Stealth+)))
You have tentacles for arms and can constrict up to eight enemies at once.


Message History

The foxfire hits Grinder.
Grinder is moderately wounded.
The foxfire hits Grinder.
Grinder is moderately wounded.
The foxfire hits Grinder but does no damage.
Grinder is moderately wounded.
Casting: Foxfire (safe; 4% risk of failure)
Confirm with . or Enter, or press ? or * to list all spells.
You conjure some foxfire!
The foxfire hits Grinder.
Grinder is heavily wounded.
The foxfire hits Grinder.
Grinder is heavily wounded.
Casting: Foxfire (safe; 4% risk of failure)
Confirm with . or Enter, or press ? or * to list all spells.
You conjure some foxfire!
The foxfire hits Grinder.
Grinder is heavily wounded.
The foxfire hits Grinder.
Grinder is severely wounded.
Grinder barely misses you.
Grinder says, "At least Makhleb appreciates what I'm doing."
Grinder gestures at you.
You suddenly lose the ability to move!
Grinder says, "Wait up."
Grinder hits you.
You writhe in agony.
Grinder blinks!
The rat bites you. Grinder hits you! The rat bites you. Grinder hits you.
* * * LOW HITPOINT WARNING * * *
You writhe in agony.
* * * LOW HITPOINT WARNING * * *
The rat bites you.
* * * LOW HITPOINT WARNING * * *
You can move again.
Casting: Foxfire (safe; 4% risk of failure)
Confirm with . or Enter, or press ? or * to list all spells.
You conjure some foxfire!
Grinder gestures at you. Pain shoots through your body!
You die...

# .. #.# #..# .
.####.####.####.[# #.
..##.......).....#
##.##.###.####.#####.###
###...#.#
#.####.####.....
...)....#
#.##.........###
###...#.###...........##
##. #.vv.......###### #
#.r@..>..### ####5#####
#.# #.# #.# #.) ###


You could see Grinder and a rat (ally target).

Vanquished Creatures
  2 gnolls
  3 adders (D:2)
  A worm (D:2)
  An orc (D:3)
  An endoplasm (D:1)
  A giant cockroach (D:2)
  6 goblins
  3 hobgoblins
  4 ball pythons
  5 bats
  2 frilled lizards (D:1)
  4 kobolds (D:1)
  2 rats (D:1)
35 creatures vanquished.

Vanquished Creatures (others)
  146 foxfires
146 creatures vanquished.

Grand Total: 181 creatures vanquished

Notes
Turn   | Place    | Note
-------+----------+-------------------------------------------
     0 | D:1      | funkygono the Octopode Fire Elementalist began the quest
                  | for the Orb.
     0 | D:1      | Reached XP level 1. HP: 11/11 MP: 3/3
   356 | D:1      | Found a faded altar of an unknown god.
   497 | D:1      | Reached XP level 2. HP: 15/17 MP: 3/5
   538 | D:1      | Learned a level 2 spell: Scorch
  1433 | D:2      | Reached XP level 3. HP: 21/21 MP: 1/6
  1437 | D:2      | Learned a level 3 spell: Kindle Blastsparks
  1630 | D:2      | Found a hazy altar of Hepliaklqana.
  2124 | D:2      | Reached XP level 4. HP: 16/27 MP: 4/7
  2379 | D:3      | Noticed Grinder
  2486 | D:3      | Paralysed by Grinder for 5 turns
  2490 | D:3      | HP: 1/27 [rat (1)]
  2491 | D:3      | Killed from afar by Grinder

Illustrated notes

Levels and vault maps discovered:
D:1:      ncdulo_watergridlock, layout_basic, ebering_ecumenical_altar_mist
D:2:      layout_loops_ring, basic_altar, minmay_heptomino_d4
D:3:      layout_loops_ring, uniq_grinder, uniq_natasha, uniq_crazy_yiuf_cottage

Skill      XL: |  1  2  3 |
---------------+----------+-----
Stealth        | 3 |  3.1
Conjurations   | 2 |  2.1
Dodging        | |  2.5
Spellcasting   | |  2.5
Fire Magic     | |  3.7

Action                     |  1- 3 |  4- 6 || total
---------------------------+-------+-------++-------
  Melee: Constrict         |     1 |     1 ||     2
         Unarmed           |     1 |       ||     1
         Whip              |       |     3 ||     3
   Cast: Foxfire           |    61 |    27 ||    88
         Scorch            |     1 |       ||     1
    Use: Potion            |       |     1 ||     1
 Armour: Skin              |     5 |       ||     5
  Dodge: Dodged            |    17 |     5 ||    22
  Block: Other             |     8 |     3 ||    11

Table legend: (Time is in decaauts)
 A = Elapsed time spent in this place.
 B = Non-inter-level travel time spent in this place.
 C = Inter-level travel time spent in this place.
 D = Time resting spent in this place.
 E = Time spent auto-exploring this place.
 F = Levels seen in this place.
 G = Mean time per level.
                   A        B        C        D        E       F      G
               +--------+--------+--------+--------+--------+-----+--------+
         Total |   2491 |   2419 |     72 |      0 |   2059 |   3 |  830.3 |
       Dungeon |   2491 |   2419 |     72 |      0 |   2059 |   3 |  830.3 |
               +--------+--------+--------+--------+--------+-----+--------+

Top non-repeatable levels by time:
     D:1: 1233 daAuts
     D:2: 1014 daAuts
     D:3: 243 daAuts
